 Dungeon Crawl Stone Soup version 0.22-a0-460-g49b1da7 (webtiles) character file.

54 Azzok the Digger (level 3, -6/19 HPs)
             Began as a Deep Elf Earth Elementalist on June 9, 2018.
             Mangled by a gnoll
             ... wielding a +0 spear of freezing
              (8 damage)
             ... on level 2 of the Dungeon.
             The game lasted 00:03:11 (1537 turns).

Azzok the Digger (Deep Elf Earth Elementalist)      Turns: 1537, Time: 00:03:11

Health: -6/19      AC:  2    Str:  5    XL:     3   Next: 66%
Magic:  1/9        EV: 13    Int: 20    God:
Gold:   34         SH:  0    Dex: 15    Spells: 4/8 levels left

rFire    . . .     SeeInvis .   l - +0 quarterstaff
rCold    . . .     Gourm    .   (shield currently unavailable)
rNeg     . . .     Faith    .   c - +0 robe
rPois    .         Spirit   .   (no helmet)
rElec    .         Reflect  .   (no cloak)
rCorr    .         Harm     .   (no gloves)
MR       .....                  (no boots)
Stlth    ++........             (no amulet)
HPRegen  0.06/turn              (no ring)
MPRegen  0.11/turn              (no ring)

@: no status effects
A: no striking features
a: no special abilities


You were on level 2 of the Dungeon.
You were not hungry.

You visited 1 branch of the dungeon, and saw 2 of its levels.

You collected 34 gold pieces.

Inventory:

Hand Weapons
 l - a +0 quarterstaff (weapon)
Missiles
 b - 11 stones (quivered)
Armour
 c - a +0 robe (worn)
Jewellery
 a - a cursed ring of teleportation {unknown}
Scrolls
 e - 2 scrolls of teleportation {unknown}
 g - 2 scrolls of identify {unknown}
 i - a scroll of fog {unknown}
 j - a scroll of noise {unknown}
 k - a scroll of enchant weapon {unknown}
Potions
 f - a potion of agility {unknown}
 h - 2 potions of invisibility {unknown}
Comestibles
 d - 3 rations


   Skills:
 - Level 2.4 Dodging
 - Level 2.4 Stealth
 - Level 3.0 Spellcasting
   Level 1.1 Transmutations
 + Level 5.2 Earth Magic


You had 4 spell levels left.
You knew the following spells:

 Your Spells              Type           Power        Failure   Level  Hunger
a - Sandblast             Erth           ###...       1%          1    None
b - Stone Arrow           Conj/Erth      ##....       14%         3    ###....

Your spell library contained the following spells:

 Spells                   Type           Power        Failure   Level  Hunger
 Passwall                 Tmut/Erth      ###.....     6%          2    ##.....
 Lee's Rapid Deconstruct  Erth           ###.......   43%         5    ######.
 Petrify                  Tmut/Erth      ###.....     36%         4    ####...


Dungeon Overview and Level Annotations

Branches:
Dungeon (2/15)

Altars:


Message History

Press: ? - help, Shift-Dir - straight line, f/p - gnoll
Aim: a gnoll, wielding a spear (almost dead)
The blast of sand hits the gnoll.
You kill the gnoll!
b - 12 stones The gnoll hits you from afar with a spear of freezing.
* * * LOW HITPOINT WARNING * * *
The gnoll freezes you.
* * * LOW HITPOINT WARNING * * *
Casting: Sandblast (safe; 1% risk of failure)
Confirm with . or Enter, or press ? or * to list all spells.
Aiming: Sandblast (safe; 1% risk of failure)
Press: ? - help, Shift-Dir - straight line, f - gnoll
Aim: a gnoll, wielding a spear of freezing The blast of sand hits the gnoll.
The gnoll is moderately wounded.
b - 11 stones
* * * LOW MAGIC WARNING * * *
The gnoll hits you from afar with a spear of freezing!
You die...

▒····· ▒▒····
▒····▒ ▒····▒
▒··)·▒ ▒····▒
▒▒▒▒▒····▒
▒········▒
▒····)·▒@▒▒
▒·▒
▒··†···▒··▒
▒·▒
····/····▒▒g▒
▒·▒
·········▒▒g▒▒
▒·▒
·····▒▒▒▒▒▒)·▒
▒·▒ ·····
▒···w▒▒▒·▒
····
▒·▒▒··▒▒·▒
▒▒▒▒
▒·▒▒··▒▒g▒
▒·▒▒···▒·▒


You could see a worm and 2 gnolls.

Vanquished Creatures
  2 gnolls (D:2)
  An ooze (D:1)
  A worm (D:2)
  2 dart slugs
  2 bats (D:1)
  2 giant cockroaches
  5 goblins
  2 jackals (D:1)
  2 kobolds
  3 frilled lizards
  3 rats (D:1)
25 creatures vanquished.

Notes
Turn   | Place    | Note
-------+----------+-------------------------------------------
     0 | D:1      | Azzok the Deep Elf Earth Elementalist began the quest for the Orb.
     0 | D:1      | Reached XP level 1. HP: 10/10 MP: 6/6
   387 | D:1      | Reached skill level 4 in Earth Magic
   387 | D:1      | Reached XP level 2. HP: 15/15 MP: 6/8
  1341 | D:2      | Reached XP level 3. HP: 16/19 MP: 9/9
  1394 | D:2      | Learned a level 3 spell: Stone Arrow
  1516 | D:2      | Reached skill level 5 in Earth Magic
  1537 | D:2      | Mangled by a gnoll

Vault maps used:
D:1:      dpeg_arrival_rooms_c
D:2:      first_ration

Skill      XL: |  1  2  3 |
---------------+----------+-----
Earth Magic    | 4 5 |  5.2
Dodging        | |  2.4
Stealth        | |  2.4
Spellcasting   | |  3.0
Transmutations | |  1.1

Action                   || total
-------------------------++-------
Melee: Short sword       ||    25
       Quarterstaff      ||    12
 Cast: Sandblast         ||    24
       Stone Arrow       ||     4
 Stab: Sleeping          ||     4
  Eat: Chunk             ||     2
Armor: Robe              ||     4
Dodge: Dodged            ||    22

Table legend:
 A = Spawn XP
 B = Non-spawn XP
 C = Spawn XP percentage of total XP
 D = Spawn monster count
 E = Non-spawn monster count
 F = Spawn count percentage of total count
 G = Total turns spent on level
                    A         B        C        D         E        F      G
               +---------+---------+-------+---------+---------+-------+---------
         Total |       0 |      78 |   0.0 |       0 |      25 |   0.0 |  1537
               +---------+---------+-------+---------+---------+-------+---------
           D:1 |       0 |      33 |   0.0 |       0 |      16 |   0.0 |  1001
           D:2 |       0 |      45 |   0.0 |       0 |       9 |   0.0 |   536
               +---------+---------+-------+---------+---------+-------+---------
